 Dungeon Crawl Stone Soup version 0.26.0-10-g1f06aea511 (webtiles) character file.

Game seed: 10671594871198202160

585 Borgoz the Skirmisher (level 7, -6/60 HPs)
             Began as a Ghoul Gladiator on Jan 15, 2021.
             Was an Initiate of Ashenzari.
             Killed by divine providence
             ... invoked by an orc priest
              (10 damage)
             ... on level 5 of the Dungeon.
             The game lasted 00:03:58 (4477 turns).

Borgoz the Skirmisher (Ghoul Gladiator)             Turns: 4477, Time: 00:03:59

Health: -6/60      AC:  9    Str: 18    XL:     7   Next: 37%
Magic:  6/6        EV: 12    Int:  6    God:    Ashenzari [......]
Gold:   136        SH:  0    Dex: 12    Spells: 6/6 levels left

rFire    . . .     SeeInvis .   a - +0 long sword
rCold    + . .     Faith    .   (no shield)
rNeg     + + +     Spirit   .   n - +0 ring mail
rPois    ∞         Reflect  .   r - +1 helmet {Int+3}
rElec    .         Harm     .   m - +0 cloak
rCorr    .         Rampage  .   i - +0 pair of gloves
Will     .....                  (no boots)
Stlth    +.........             (no amulet)
HPRegen  0.00/turn              (no ring)
MPRegen  0.10/turn              (no ring)

@: flying (expiring), slowed, very slow
A: claws 1, cold resistance 1, negative energy resistance 3, inhibited
regeneration, torment resistance, unbreathing
a: Renounce Religion, Curse Item


You were on level 5 of the Dungeon.
You worshipped Ashenzari.
Ashenzari was noncommittal.
You visited 2 branches of the dungeon, and saw 6 of its levels.

You collected 136 gold pieces.

Inventory:

Hand Weapons
 a - a +0 long sword (weapon)
Missiles
 d - 2 throwing nets (quivered)
Armour
 i - a +0 pair of gloves (worn)
 m - a +0 cloak (worn)
 n - a +0 ring mail (worn)
 r - a +1 helmet of intelligence (worn)
Scrolls
 b - a scroll of amnesia {unknown}
 f - 5 scrolls of teleportation
 g - a scroll of fog
 j - 2 scrolls of enchant armour {unknown}
 k - 4 scrolls of remove curse
 l - a scroll of blinking {unknown}
 o - 2 scrolls of identify {unknown}
 p - a scroll of enchant weapon {unknown}
Potions
 h - 2 potions of haste {unknown}


   Skills:
 + Level 4.7 Fighting
 + Level 4.4 Long Blades
 + Level 3.8 Throwing
 + Level 4.3 Dodging


You had 6 spell levels left.
You didn't know any spells.
Your spell library was empty.

Dungeon Overview and Level Annotations

Branches:
Dungeon (5/15)             Temple (1/1) D:4

Altars:
Ashenzari
Cheibriados
Dithmenos
Elyvilon
Fedhas
Gozag
Hepliaklqana
Kikubaaqudgha
Makhleb
Nemelex Xobeh
Okawaru
Qazlal
Ru
Sif Muna
Trog
Uskayaw
Wu Jian
Xom
Yredelemnul
Zin
The Shining One


Innate Abilities, Weirdness & Mutations

You thrive by killing the living.
You are immune to poison.
You have sharp fingernails.
Your flesh is cold resistant. (rC+)
You are immune to negative energy. (rN+++)
You do not regenerate when monsters are visible.
You are immune to unholy pain and torment.
You can survive without breathing.


Message History

The orc wizard mumbles some strange words.
The orc wizard blinks!
The orc wizard mumbles some strange words.
The orc wizard blinks!
You are starting to lose your buoyancy.
The orc wizard casts a spell at you.
You feel yourself slow down.
The sky beast flickers out of sight!
Deactivating autopickup; reactivate with Ctrl-A.
Something hits you.
* * * LOW HITPOINT WARNING * * *
Something shocks you.
* * * LOW HITPOINT WARNING * * *
The orc wizard points at you and mumbles some strange words.
The orc wizard gestures at you while chanting.
The magic dart hits something.
As you read the scroll labelled ZYLEPS LAMYIPS, it crumbles to dust.
The scroll dissolves into smoke.
It was a scroll of fog.
The orc priest invokes the aid of Beogh against you.
Beogh smites you!
You die...

.[. #...#.....#...#.....# ....
#...#.....#...'.....#
########'##..o..###.#######
#.............#####.###...#
#............o#..#...#....#
#..........O..#..#...'....#
#...........§.'..'...#....#
##...........§{##########'###
........#####§§@§§..........#
........#...'§§§§...........#
........#...#..§.§..........#
........#...#...)...........#
........#####...............#
######....>..#################
...>.#.......#....#.........#
.....#.......'....#.........#
.....#.......#....#.........#


You could see an orc priest and an orc wizard (fast).

Vanquished Creatures
  Sigmund (D:4)
  An ogre (D:5)
  A hound (D:5)
  3 orc wizards
  2 worker ants
  A gnoll (D:1)
  8 adders
  An ufetubus (D:3)
  6 dart slugs
  5 leopard geckos
  8 orcs
  5 bats
  4 giant cockroaches
  6 goblins
  2 hobgoblins
  11 jackals
  3 quokkas
  6 frilled lizards
  7 kobolds
  5 rats
86 creatures vanquished.

Vanquished Creatures (others)
  A withered plant (D:2)
1 creature vanquished.

Grand Total: 87 creatures vanquished

Notes
Turn   | Place    | Note
-------+----------+-------------------------------------------
     0 | D:1      | Borgoz the Ghoul Gladiator began the quest for the Orb.
     0 | D:1      | Reached XP level 1. HP: 17/17 MP: 0/0
   149 | D:1      | Reached XP level 2. HP: 25/25 MP: 1/1
   459 | D:1      | Reached XP level 3. HP: 9/30 MP: 2/2
  1025 | D:1      | Found a sacrificial altar of Ru.
  1147 | D:2      | Reached XP level 4. HP: 19/38 MP: 3/3
  1301 | D:2      | Found a burning altar of Makhleb.
  1329 | D:2      | Found an ancient bone altar of Kikubaaqudgha.
  1978 | D:3      | Reached XP level 5. HP: 34/45 MP: 4/4
  2787 | D:4      | Noticed Sigmund
  2801 | D:4      | Killed Sigmund
  2802 | D:4      | Reached XP level 6. HP: 42/52 MP: 5/5
  2860 | D:4      | Found a white marble altar of Elyvilon.
  3173 | D:4      | Found a staircase to the Ecumenical Temple.
  3241 | Temple   | Entered the Ecumenical Temple
  3332 | Temple   | Became a worshipper of Ashenzari the Shackled
  3860 | D:5      | Entered Level 5 of the Dungeon
  3923 | D:5      | Reached XP level 7. HP: 30/60 MP: 6/6
  4477 | D:5      | Killed from afar by an orc priest

Illustrated notes

Levels and vault maps discovered:
D:1:      dpeg_arrival_water_altar, layout_rooms
D:2:      layout_basic, bloody_makhleb, kiku_gazebo_garden_becter,
          minmay_pentomino_v2
D:3:      layout_basic
D:4:      minmay_angry_zag, layout_loops_ring, minmay_temple_entry_mini_moons,
          minmay_strange_pillars, elyvilon_altar_3, uniq_sigmund
D:5:      layout_gridville, serial_shops,
          nicolae_shop_temple_entry_statues_fountains,
          hangedman_abyss_or_decor_lesser_grid
Temple:   dpeg_five_rooms_temple

Skill      XL: |  1  2  3  4  5 |
---------------+----------------+-----
Throwing       | 2 3 |  3.8
Long Blades    | 3 4 |  4.4
Dodging        | 3 4 |  4.3
Fighting       | 3 4 |  4.7

Action                   |  1- 3 |  4- 6 |  7- 9 || total
-------------------------+-------+-------+-------++-------
Melee: Long sword        |    92 |   188 |    23 ||   303
Throw: Throwing net      |     1 |       |       ||     1
  Use: Scroll            |       |     2 |     1 ||     3
       Potion            |       |       |     3 ||     3
Armor: Leather armour    |    40 |    20 |       ||    60
       Ring mail         |       |    72 |     9 ||    81
Dodge: Dodged            |    99 |   149 |    22 ||   270
       Rpst.: Long sword |    28 |    42 |    11 ||    81
